 Dungeon Crawl Stone Soup version 0.17.1-1-g73c8601 (console) character file.

574 Kloppie the Skirmisher (level 7, -7/59 HPs)
             Began as a Formicid Fighter on Dec 21, 2015.
             Was an Initiate of Kikubaaqudgha.
             Mangled by Blork the orc
             ... wielding a +0 long sword
              (10 damage)
             ... on level 4 of the Dungeon.
             The game lasted 00:05:26 (3531 turns).

Kloppie the Skirmisher (Formicid Fighter)           Turns: 3531, Time: 00:05:26

Health: -7/59      AC:  8    Str: 20    XL:     7   Next: 61%
Magic:  7/7        EV:  7    Int:  8    God:    Kikubaaqudgha [......]
Gold:   281        SH:  0    Dex: 12    Spells: 0 memorised, 6 levels left

rFire  . . .     SeeInvis +     a - +0 long sword
rCold  . . .     Clarity  .     B - +0 scale mail
rNeg   . . .     SustAt   .     c - +0 shield
rPois  .         Gourm    .     (helmet unavailable)
rElec  .         Spirit   .     (no cloak)
rCorr  .         Warding  .     (no gloves)
rMut   .         Stasis   +     z - +0 pair of boots
MR     .....                    b - amulet of regeneration
Stlth  ..........               (no ring)
                                y - ring of invisibility

@: confused, not resistant to hostile enchantments, extremely unstealthy
A: permanent stasis, dig shafts and tunnels, four strong arms, antennae 3
a: Dig, Shaft Self, Renounce Religion, Evoke Invisibility


You were on level 4 of the Dungeon.
You worshipped Kikubaaqudgha.
Kikubaaqudgha was noncommittal.
You were very hungry.

You visited 1 branch of the dungeon, and saw 5 of its levels.

You collected 281 gold pieces.

Inventory:

Hand Weapons
 a - a +0 long sword (weapon)
Armour
 c - a +0 shield (worn)
 z - a +0 pair of boots (worn)
 B - a +0 scale mail (worn)
Jewellery
 b - an amulet of regeneration (around neck)
 y - a ring of invisibility (left hand)
Scrolls
 f - 3 scrolls of identify {unknown}
 g - 3 scrolls of teleportation {unknown}
 i - a scroll of recharging {unknown}
 j - 2 scrolls of fear {unknown}
 m - a scroll of enchant armour {unknown}
 r - 2 scrolls of amnesia {unknown}
 s - a scroll of remove curse {unknown}
 w - a scroll of immolation {unknown}
Potions
 d - 2 potions of resistance {unknown}
 h - a potion of heal wounds {unknown}
 k - 3 potions of flight {unknown}
 l - 4 potions of curing {unknown}
 p - a potion of haste {unknown}
 q - a potion of cure mutation {unknown}
 u - 2 potions of brilliance {unknown}
Comestibles
 e - 4 bread rations
 n - 5 fruits
 o - 2 beef jerkies
 v - a slice of pizza
 x - a meat ration


   Skills:
 + Level 6.7 Fighting
 + Level 5.7 Long Blades
 - Level 3.2 Armour
 - Level 3.6 Shields


You had 6 spell levels left.
You didn't know any spells.

Dungeon Overview and Level Annotations

Branches:
Dungeon (5/15)
 Temple: D:4-7

Altars:
Cheibriados
Kikubaaqudgha

Annotations:
D:4 Blork the orc


Innate Abilities, Weirdness & Mutations

You are under a permanent stasis effect.
You can dig through walls and to a lower floor.
Your four strong arms can wield two-handed weapons with a shield.
You have a pair of large antennae on your head (SInv).


Message History

You bump into the rock wall.
Blork the orc barely misses you.
Drink which item? (? for menu, Esc to quit)
Okay, then.
You bump into the rock wall.
Blork the orc gestures at you while chanting.
The puff of frost hits you!
* * * LOW HITPOINT WARNING * * *
You're too confused to move!
Blork the orc hits you but does no damage.
You bump into the rock wall.
You bump into the rock wall.
Blork the orc screams, "I'll crush all your ribs!
One by one!"
Blork the orc gestures wildly while chanting.
Blork the orc seems to speed up.
You closely miss Blork the orc.
Blork the orc is moderately wounded.
Blork the orc barely misses you.
Blork the orc hits you with a long sword!
You die...
Kikubaaqudgha rasps: "You have failed me!
Welcome... death!"

.#######.# #.#####.###.#########.
.# #.# #.#.....# #.# #. .#
#.###.#.#######.# #. .###
#.............#.# #. ...#
#.#.#.#.#####.#.# ###. .#.#
#.#.#.#.# #.#.#######...
.#.#####.#..#..# ##.#......##...
.........#.###.####.........##...
##.#####.#..#..o@....#####..##...
.#.# ##.###..######.# #..##...
#..# ##.#.##..# #.# #..####.
##.###.###.#>.### #.# #..####.
##.).## ##.....####.#####.......
##.###.###.#..............#.####.
#.###(..#............####........
......##.######.###### ###.#####
..######## ##.## #.#


You could see Blork the orc.

Vanquished Creatures
  An ogre (D:4)
  A scorpion (D:5)
  A jelly (D:4)
  A hound (D:4)
  A centaur skeleton (D:5)
  3 orc priests
  An orc wizard (D:3)
  A worker ant (D:4)
  14 adders
  4 worms
  A giant gecko (D:3)
  9 orcs
  6 giant cockroaches
  5 hobgoblins
  9 jackals
  9 kobolds
  2 quokkas (D:3)
  4 ball pythons
  7 bats
  4 giant newts
  7 goblins
  9 rats
100 creatures vanquished.

Notes
Turn   | Place    | Note
--------------------------------------------------------------
     0 | D:1      | Kloppie the Formicid Fighter began the quest for the Orb.
     0 | D:1      | Reached XP level 1. HP: 18/18 MP: 1/1
   194 | D:1      | Reached XP level 2. HP: 24/24 MP: 2/2
   360 | D:1      | Reached XP level 3. HP: 30/30 MP: 3/3
   611 | D:2      | Reached skill level 4 in Fighting
   805 | D:2      | Reached XP level 4. HP: 30/37 MP: 4/4
  1286 | D:2      | Reached XP level 5. HP: 37/43 MP: 5/5
  1603 | D:2      | Reached skill level 5 in Fighting
  1828 | D:3      | Reached XP level 6. HP: 41/51 MP: 6/6
  1981 | D:3      | Found an ancient bone altar of Kikubaaqudgha.
  2098 | D:3      | Became a worshipper of Kikubaaqudgha
  2535 | D:3      | Found a snail-covered altar of Cheibriados.
  2816 | D:4      | Reached skill level 6 in Fighting
  2816 | D:4      | Reached skill level 5 in Long Blades
  2816 | D:4      | Reached XP level 7. HP: 43/58 MP: 7/7
  3405 | D:5      | Entered Level 5 of the Dungeon
  3469 | D:5      | Noticed Blork the orc
  3527 | D:4      | HP: 1/59 [Blork the orc/puff of frost (7)]
  3531 | D:4      | Mangled by Blork the orc

Action                   |  1- 3 |  4- 6 |  7- 9 || total
-------------------------+-------+-------+-------++-------
Melee: Long sword        |    92 |   192 |    83 ||   367
  Use: Potion            |       |     1 |       ||     1
  Eat: Chunk             |       |     7 |     1 ||     8
